[Event "Romanian Rapid Open 2022"]
[Site "Sebes"]
[Date "2022.12.02"]
[Round "3.6"]
[White "Anton, Teodor"]
[Black "Ileana, George"]
[Result "0-1"]
[ECO "D11"]
[WhiteElo "2438"]
[BlackElo "2343"]
[Annotator "TA"]
[PlyCount "90"]
[EventDate "2022.12.02"]
[EventType "rapid"]
[EventCountry "ROU"]
[SourceTitle "playchess.com"]
[Source "ChessBase"]
[SourceQuality "1"]
[TimeControl "600+5"]

1. d4 d5 2. c4 c6 3. Nf3 Nf6 4. Qc2 g6 5. Bf4 Bg7 6. e3 Bf5 7. Qb3 Qb6 8. Nc3 {[%emt 0:00:03] D11: Slav Defence: 3 Nf3 sidelines and 3...Nf6 4 e3 Bg4.} Qxb3 9. axb3 Nbd7 10. h3 {[%emt 0:00:03] White is slightly better.} h5 11. Be2 {[%emt 0:00:16] [#]} e6 $146 ({Predecessor:} 11... O-O 12. Ne5 Ne4 13. Nxd7 Bxd7 14. cxd5 Nxc3 15. bxc3 cxd5 16. Kd2 a6 17. Ra5 Bc6 {1-0 (88) Arkell,K (2400)-Marusenko,P (2057) London 2019}) 12. O-O a6 13. c5 O-O 14. Bd6 Rfe8 15. Ne5 Nxe5 16. dxe5 Nd7 17. f4 h4 18. e4 dxe4 19. Ra4 $1 f6 20. Rb4 Bf8 21. Rc4 (21. Nxe4 Bxe4 22. Bxf8 (22. Rxe4 Nxc5 23. Rd4 Rad8 $17) 22... Kxf8 $17) (21. Bxf8 $11 Rxf8 22. Nxe4) 21... Bxd6 $17 22. exd6 e5 23. b4 Kg7 24. Nxe4 Bxe4 25. Rxe4 f5 26. Re3 exf4 27. Rxe8 Rxe8 {[%emt 0:00:01][%mdl 4096] Endgame KRB-KRN} 28. Bd3 Re3 29. Bc4 (29. Bb1 $17) 29... g5 $19 30. b3 Kf6 31. Rd1 g4 32. Rf1 Ke5 (32... gxh3 33. Rxf4 Re1+ 34. Kh2 $17) 33. Bf7 Nf6 {[%emt 0:00:37] Against Be8} 34. Rd1 $2 (34. hxg4 fxg4 35. Rd1) 34... g3 (34... gxh3 $2 35. gxh3 (35. d7 $2 Nxd7 36. Rxd7 Rg3 $19) 35... Rg3+ 36. Kh2 $19) (34... Nd7 35. Be8 Nf8 36. d7 $17) 35. Kf1 f3 $2 (35... Nd7 $19 {Threatens to win with ...Kf6.} 36. Kg1 Kf6) 36. gxf3 $1 $15 (36. d7 $2 Nxd7 37. gxf3 (37. Rxd7 $2 Re1+ 38. Kxe1 fxg2 $19) 37... Rxf3+ 38. Kg1 Nf6 $19) 36... Rxf3+ 37. Kg1 Rc3 {[%emt 0:00:06] Strongly threatening ...f4.} (37... Nd7 $6 38. Re1+ Kd4 39. Re7 $11) 38. d7 {[%emt 0:00:02] [#]} Nxd7 39. Rxd7 $17 {[%emt 0:00:01] KRB-KR} f4 $1 {[%emt 0:00:07][%cal Bf5f4,Bf4f3,Bf3f2][%mdl 32] And now ...Rc1+ would win.} 40. Bc4 $2 {[%emt 0:00:18][%mdl 8192] [#] This move loses the game for White.} (40. Rxb7 f3 41. Re7+ Kf6 42. Re6+ Kxf7 43. Re1 f2+ 44. Kf1 fxe1=N 45. Kxe1 g2 46. Kf2 Rg3 47. Kg1 Kf6 48. b5 axb5 49. b4 Kf5 50. Kf2 g1=Q+ 51. Ke2 Qh2+ 52. Kf1 Rg1#) (40. Bh5 $17) 40... f3 $1 $19 {[%emt 0:00:04] ( -> ...Rc1+)} 41. Rd1 {[%emt 0:00:02] Prevents Rc1.} Rc2 {[%emt 0:00:09] Black mates.} 42. Bf1 Rh2 43. Bc4 f2+ 44. Kf1 Rh1+ ({And not} 44... Rxh3 45. Kg2 Rh2+ 46. Kf3 $15) 45. Ke2 Rxd1 {[%emt 0:00:01] Weighted Error Value: White=0.50/Black=0.17 (very precise)} ({Weaker is} 45... Rxh3 46. Kf3 $15) 0-1

[Event "Romanian Rapid Open 2022"]
[Site "Sebes"]
[Date "2022.12.02"]
[Round "3.7"]
[White "Cnejev, Vladimir-Alexandru"]
[Black "Baratosi, Daniel"]
[Result "0-1"]
[ECO "B01"]
[WhiteElo "2293"]
[BlackElo "2335"]
[Annotator "TA"]
[PlyCount "90"]
[EventDate "2022.12.02"]
[EventType "rapid"]
[EventCountry "ROU"]
[SourceTitle "playchess.com"]
[Source "ChessBase"]
[SourceQuality "1"]
[TimeControl "600+5"]

1. e4 d5 2. exd5 Qxd5 3. Nc3 Qd8 4. d4 Nf6 5. Nf3 Bg4 6. Be2 {[%emt 0:00:06] B01: Scandinavian Defence.} (6. h3 $5 Bxf3 7. Qxf3 $14 (7. gxf3 e6 $11)) 6... c6 7. Be3 e6 8. O-O {[%emt 0:00:44] The position is equal.} Nbd7 9. h3 Bxf3 10. Bxf3 Qc7 11. Qd2 Bd6 12. Ne4 $2 (12. Rfe1 $11) 12... Nxe4 $19 13. Bxe4 Nf6 $2 (13... f5 $19 14. Bf3 f4 15. Bxf4 (15. Bh5+ $2 g6 $19) 15... Bxf4) 14. Bf3 {[%emt 0:00:19] [#]} O-O-O $146 ({Predecessor:} 14... O-O 15. c4 Rad8 16. Qc3 Rfe8 17. Bg5 Be7 18. Rfe1 Qb6 19. c5 Qc7 20. Be3 Rd7 {½-½ (54) Nguyen,A (1645)-Kirchner,M (1409) Magdeburg 2014}) 15. c3 h6 (15... Nd5 $14) 16. g3 (16. b4 $16) 16... g5 (16... Nd5 $11) 17. Bg2 (17. c4 $1 $16) 17... Nd5 18. c4 Nxe3 19. Qxe3 Rhe8 20. Rfd1 (20. c5 {simplifies} Bf8 21. b4 e5 22. dxe5 Rxe5 23. Qb3) 20... c5 21. dxc5 (21. b4 $14 {is superior.} cxd4 22. Rxd4 (22. Qxd4 Be5 $11)) 21... Bxc5 $11 22. Qf3 f5 (22... a5 $11) 23. b4 (23. Rxd8+ {simplifies} Rxd8 24. b4 Bd4 25. Re1) 23... Bd4 24. Rac1 Rf8 25. c5 g4 {[%emt 0:00:13] Prevents c6.} 26. Qb3 (26. Qe2 $14) 26... gxh3 {[%emt 0:00:09] Chess con chili.} 27. Bxh3 (27. c6 {with more complications.} Kb8 28. Bxh3 bxc6 29. Qf3) 27... f4 {[%emt 0:00:14][%cal Bf5f4,Bf4f3][%mdl 32] Inhibits c6.} 28. Bxe6+ (28. Rc4 $11 Qg7 29. Bxe6+ Kc7 30. Kh1) 28... Kb8 $15 29. g4 (29. Kg2 $1 $15) 29... f3 $19 30. Rxd4 Rxd4 31. b5 Qf4 (31... Qg7 $142 32. Kf1 Rxg4 33. Bxg4 Qxg4) 32. Qc3 {[%emt 0:00:08] [#]} (32. Qe3 $19 Qxe3 33. fxe3) 32... Rg8 $3 33. Kf1 {[%emt 0:00:04] [#]} (33. Qxd4 Qxd4) 33... Qh2 $2 34. Qxf3 $1 $15 Qe5 $2 35. Bf5 $2 (35. Bxg8 $18 {Hoping for Qf8+.} Rf4 36. Qg3) 35... h5 $40 {[%emt 0:00:07][%mdl 128] aiming for ...Rf8. Black attacks.} (35... Qf4 $5 36. Rc3 Qxf3 37. Rxf3 Rf8 $15) 36. c6 (36. Qb3 $1 $11 Rdd8 37. c6) 36... hxg4 $2 {[%emt 0:00:09][%mdl 8192] [#]} (36... Qxb5+ $17 37. Kg2 bxc6) 37. c7+ $4 {[%emt 0:00:05][%mdl 8192] [#]} (37. Qb3 $1 $18 Rgd8 38. c7+ Qxc7 39. Rxc7 Kxc7 40. Qe6) 37... Qxc7 $1 $19 38. Qe3 Qd6 39. Qc3 $2 (39. Qe6 Qxe6 40. Bxe6) 39... Rd1+ {[%emt 0:00:05] Black is clearly winning.} 40. Rxd1 Qxd1+ 41. Qe1 Qxe1+ 42. Kxe1 {[%emt 0:00:01] KR-KB} g3 43. fxg3 Rxg3 44. Kd2 Ra3 (44... Rg2+ $142 45. Kc3 Rxa2) 45. Be6 Kc7 {[%emt 0:00:01] Both players deserved the win here.   Weighted Error Value: White=1.15/Black=0.82} 0-1

[Event "Romanian Rapid Open 2022"]
[Site "Sebes"]
[Date "2022.12.02"]
[Round "3.8"]
[White "Nevednichy, Vladislav"]
[Black "Daianu, Cristian-Clement"]
[Result "1-0"]
[ECO "B84"]
[WhiteElo "2499"]
[BlackElo "2189"]
[Annotator "TA"]
[PlyCount "71"]
[EventDate "2022.12.02"]
[EventType "rapid"]
[EventCountry "ROU"]
[SourceTitle "playchess.com"]
[Source "ChessBase"]
[SourceQuality "1"]
[TimeControl "600+5"]

1. e4 {[%emt 0:00:01] ChessBase II} c5 2. Nf3 d6 3. d4 cxd4 4. Nxd4 Nf6 5. Nc3 a6 6. a4 e6 7. Be2 {[%emt 0:00:30] 7.a5 injects fresh life into this line.} Qc7 8. O-O b6 9. f4 {[%emt 0:00:03][%cal Oe4e5] B84: Sicilian Scheveningen: 6 Be2 a6, lines without early Be3.} Nbd7 {[%emt 0:00:12] Against e5} 10. g4 Bb7 11. Bf3 $1 {[%emt 0:00:03] The position is equal.} Nc5 (11... h6 $14) 12. Qe2 $16 e5 {[%emt 0:00:41] Against g5} 13. Nf5 (13. Nd5 $16 Nxd5 14. exd5) 13... g6 $14 14. fxe5 dxe5 {[%emt 0:00:10] [#]} 15. Ne3 $146 (15. Bg5 {feels hotter.} Nfd7 16. Ne3 Ne6 17. Ned5) ({Predecessor:} 15. Bg5 Ncd7 16. Ne3 Bc5 17. Bg2 Qd6 18. Kh1 h5 19. Rad1 Bd4 20. Bxf6 Nxf6 21. g5 {0-1 (38) Fischer,J-Ghitescu,T Romania 1961 EXT 2001 [ChessBase II]}) 15... Ncxe4 $2 {[%emt 0:00:30][%mdl 8192] [#]} (15... Bxe4 $2 16. g5 $18) (15... Nfxe4 $2 16. Ned5 Qc6 17. Nxe4 $18) (15... Ne6 $1 $11 {and Black stays safe.}) 16. Nxe4 $2 (16. Qg2 $1 $18) 16... Nxe4 $11 (16... Bxe4 $2 17. Bg2 $18) 17. Qg2 Nd6 18. Bxb7 Qxb7 19. Nd5 {[%emt 0:00:09] Hoping for Bg5.} Bg7 (19... O-O-O $1 $11 {remains equal.}) 20. Be3 {[%emt 0:00:09] White is much more active. The black rooks are badly placed.} ({White should play} 20. Bg5 $16 {Be7 is the strong threat.} O-O 21. Be7) 20... O-O $14 21. Nxb6 {[%emt 0:00:06] And now Qxb7 would win.} Rad8 22. Qxb7 Nxb7 23. b4 f5 24. gxf5 gxf5 {[%emt 0:00:01] Threatens to win with ...f4.} 25. Rae1 Nd6 {[%emt 0:01:05] [#]} (25... f4 $11 26. Bf2 Rde8) 26. c4 $1 $16 f4 27. Bc5 e4 ({Black should try} 27... Rf6 $14) 28. Nd5 {[%emt 0:00:20] Strongly threatening Bxd6.} Nxc4 (28... e3 $16) 29. Bxf8 $18 ({Not} 29. Nxf4 Rfe8 $11) (29. Rxe4 Nd2 30. Bxf8 (30. Rexf4 Nxf1 31. Bxf8 Bxf8 $11) 30... Nxe4 31. Bxg7 (31. Nxf4 $2 Rxf8 32. Nd5 Rxf1+ 33. Kxf1 Be5 $19) 31... Rxd5 $14) 29... Rxf8 30. Rxf4 {[%emt 0:00:15] White is clearly winning.} ({Weaker is} 30. Nxf4 Nd2 $11) 30... Bd4+ 31. Kg2 Rxf4 32. Nxf4 e3 33. Rc1 Nb2 34. b5 axb5 35. axb5 Na4 36. Rc4 {[%emt 0:00:01] Weighted Error Value: White=0.32/Black=0.71} 1-0

[Event "Romanian Rapid Open 2022"]
[Site "Sebes"]
[Date "2022.12.02"]
[Round "3.9"]
[White "Dragomirescu, Robin-Alexandru"]
[Black "Dragomirescu, Angela"]
[Result "1-0"]
[ECO "A01"]
[WhiteElo "2337"]
[BlackElo "2104"]
[Annotator "TA"]
[PlyCount "29"]
[EventDate "2022.12.02"]
[EventType "rapid"]
[EventCountry "ROU"]
[SourceTitle "playchess.com"]
[Source "ChessBase"]
[SourceQuality "1"]
[TimeControl "600+5"]

1. b3 e5 2. Bb2 Nc6 3. e3 Nf6 4. Nf3 d6 5. d4 exd4 6. Nxd4 Be7 {[%emt 0:00:10] A01: Nimzowitsch-Larsen Opening.} 7. Nc3 O-O 8. Nxc6 bxc6 {[%emt 0:00:01] The position is equal.} 9. Bd3 {[%emt 0:00:34] [#]} c5 $146 ({Predecessor:} 9... d5 10. h3 Re8 11. Qd2 d4 12. exd4 Bb4+ 13. Be2 Ba6 {0-1 (13) Rousseau,B (1981)-Marin Dorta,A (1772) Tenerife 2021}) 10. Qf3 Rb8 11. h3 Bb7 12. Qg3 d5 13. O-O-O Bd6 14. Qh4 {[%emt 0:01:03][%cal Oc3d5] Nxd5! is the strong threat.} Bc6 {[%emt 0:00:50][%mdl 8192] [#]} (14... Re8 $11) 15. Nxd5 $1 {[%emt 0:04:45][%mdl 512] Weighted Error Value: White=0.16 (very precise) /Black=0.20 (precise)} 1-0

[Event "Romanian Rapid Open 2022"]
[Site "Sebes"]
[Date "2022.12.02"]
[Round "3.10"]
[White "Teodorescu, Razvan"]
[Black "Bulmaga, Irina"]
[Result "0-1"]
[ECO "E18"]
[WhiteElo "2118"]
[BlackElo "2426"]
[Annotator "TA"]
[PlyCount "98"]
[EventDate "2022.12.02"]
[EventType "rapid"]
[EventCountry "ROU"]
[SourceTitle "playchess.com"]
[Source "ChessBase"]
[SourceQuality "1"]
[TimeControl "600+5"]

1. d4 Nf6 2. c4 e6 3. Nf3 b6 4. g3 Bb7 5. Bg2 Bb4+ 6. Bd2 Be7 7. O-O O-O 8. Nc3 d5 9. cxd5 exd5 10. Rc1 Nbd7 11. Bf4 c5 12. dxc5 bxc5 13. b3 {[%emt 0:00:00] [#] E18: Queen's Indian: Old Main Line (4 g3 Bb7 5 Bg2 Be7 6 0-0 0-0 7 Nc3).} (13. Nh4 $14) 13... d4 $146 ({Predecessor:} 13... Rc8 14. h3 Qa5 15. g4 Nb6 16. a4 d4 17. Nb5 Rfd8 18. Ne5 Bxg2 19. Kxg2 Nbd5 20. Bd2 Qa6 {0-1 (32) Ljubisavljevic,Z (2290)-De Bortoli,P (2215) Padova 1998}) 14. Nb5 Nd5 {[%emt 0:00:22] Prevents b4.} 15. Bd6 (15. Bd2 $1 $11 {keeps the balance.}) 15... a6 $17 16. Bxe7 Qxe7 17. Na3 Nc3 {[%emt 0:00:03] Black is more active.} 18. Rxc3 dxc3 19. Qc2 Nf6 (19... Rfe8 {simplifies} 20. Qxc3 a5 21. Nc4 a4) 20. Qxc3 {[%emt 0:00:00] This move loses the game for White.} (20. Nc4 $17 {was necessary.}) 20... Qxe2 $19 21. Re1 Qxa2 22. Nc4 Rab8 (22... Rae8 $142 {Threatens to win with ...Rxe1+.} 23. Nfe5 Bxg2 24. Kxg2 Rb8) 23. Nfd2 {[%emt 0:00:00] aiming for Ra1.} Bxg2 24. Kxg2 {[%emt 0:00:00] [#]} (24. Ra1 $17 Qxa1+ 25. Qxa1) 24... Nd5 $1 25. Qe5 Nb4 26. Re4 Nd3 27. Qf5 Rbd8 28. Rh4 g6 29. Qf6 (29. Qg5 $142 Qa1 30. Nf3) 29... Ne1+ 30. Kf1 Rxd2 31. Kxe1 Rd4 32. Rxd4 Qa1+ {[%emt 0:00:03][%mdl 64] [#] Pin} 33. Ke2 Qxd4 34. Qxa6 {[%emt 0:00:24][%mdl 4096] Endgame KQR-KQN} (34. Qxd4 $142 cxd4 35. Kd1) 34... Re8+ (34... Qe4+ $142 35. Ne3 Ra8) 35. Kf1 (35. Ne3 $142 Qb2+ 36. Kf1) 35... Qd1+ 36. Kg2 Qd5+ 37. Kh3 Qe6+ (37... Qf3 $142 38. Qb5 Rd8) 38. Qxe6 Rxe6 {[%emt 0:00:02] KR-KN} 39. Kg4 Kf8 40. Kf4 Ke7 41. h4 h5 42. f3 Re1 {[%emt 0:00:06] ...Ke6 is the strong threat.} 43. Nd2 (43. g4 $142 Rd1 44. gxh5 gxh5 45. Ne3 Rd4+ 46. Kg3) 43... Ke6 {[%emt 0:00:13] And now ...Kd5 would win.} 44. Ne4 Kd5 {[%emt 0:00:10] Hoping for ...Kd4.} 45. Kg5 Re3 {[%emt 0:00:07] ( -> ...Rd3)} 46. Nf6+ Kd4 {[%emt 0:00:02] Black mates.} 47. g4 Rxb3 48. gxh5 gxh5 (48... Rxf3 $2 49. h6 Rf5+ 50. Kg4 Rxf6 51. h7 $18) 49. f4 c4 {[%emt 0:00:02] Weighted Error Value: White=1.25/Black=0.73} 0-1

[Event "Romanian Rapid Open 2022"]
[Site "Sebes"]
[Date "2022.12.02"]
[Round "3.11"]
[White "Ghimpu, Samuel-Timotei"]
[Black "Nastase, Robert-Paul"]
[Result "1-0"]
[ECO "B12"]
[WhiteElo "2455"]
[BlackElo "2229"]
[Annotator "TA"]
[PlyCount "73"]
[EventDate "2022.12.02"]
[EventType "rapid"]
[EventCountry "ROU"]
[SourceTitle "playchess.com"]
[Source "ChessBase"]
[SourceQuality "1"]
[TimeControl "600+5"]

1. e4 c6 2. d4 d5 3. e5 Bf5 4. h4 h5 5. Bd3 Bxd3 6. Qxd3 e6 7. Bg5 {[%emt 0:00:03] B12: Caro-Kann: Advance Variation.} Qa5+ (7... Qb6 $5 8. Nd2 c5 $11) 8. Nd2 Qa6 9. c4 {[%emt 0:00:16] The position is equal.} Be7 10. Ngf3 Bxg5 11. hxg5 Ne7 {[%emt 0:00:32] Against g6} 12. O-O Nd7 {[%emt 0:00:23] [#]} 13. b4 $146 ({Predecessor:} 13. Nh4 g6 14. b3 O-O 15. Rfe1 Rad8 16. Qf3 dxc4 17. Nxc4 Nb6 18. Nd6 Nbc8 19. Nxc8 Rxc8 {0-1 (56) Polzin,R (2404)-Wilk,K (2125) Katowice 2017}) 13... O-O 14. a4 dxc4 15. Nxc4 {[%emt 0:00:35] Threatens to win with Rfb1.} Nb6 $1 16. Nfd2 Nxa4 $2 (16... Nxc4 $11 {and Black has nothing to worry.} 17. Nxc4 Nf5) 17. Qh3 (17. Qf3 $1 $18 {[%cal Rf3h5] has better winning chances.}) 17... Qb5 $2 {[%emt 0:00:37][%mdl 8192] This costs Black the game.} (17... Rad8 $16) 18. Qxh5 $18 {[%emt 0:00:49] Strongly threatening Ra3.} Nf5 (18... Ng6 $142 19. Ra3 Nf4) 19. Ra3 g6 20. Qh2 {[%emt 0:00:24] Intending Rh3 and mate.} Kg7 {[%emt 0:00:04] [#] And now ...Rh8 would win.} (20... Nxd4 21. Rh3 Ne2+ 22. Kh1) 21. Nd6 $1 {[%emt 0:00:02] Threatening mate with Nxf5+.} Rh8 {[%emt 0:00:08] aiming for ...Nxd6.} 22. Nxb5 {[%emt 0:02:31] Chess con chili.} Rxh2 23. Kxh2 (23. Rxa4 cxb5 $15) 23... cxb5 24. Ne4 {[%emt 0:01:03] Hoping for Rh3.} Rd8 (24... Nb6 {might work better.} 25. Rd1 Rh8+ 26. Rh3 Rxh3+ 27. Kxh3 Nd5) 25. Rd1 {[%emt 0:00:25] Black must now prevent Rh3.} Kf8 $2 (25... Nb2 {was necessary.}) 26. Raa1 (26. Rc1 $142) 26... Nb2 27. Rdb1 Na4 28. Nc5 (28. Rc1 $142) 28... Nc3 $2 (28... Kg7 29. g3 (29. Nxb7 Rh8+ 30. Kg1 Nxd4 $16) 29... Nxd4 30. Nxa4 (30. Nxb7 Rh8+ 31. Kg2 Nc2 $18) 30... bxa4) 29. Rb3 (29. Nxb7 Rxd4 30. Rb2 Rh4+ 31. Kg1 Na4 $18) 29... Ne2 (29... Na4 $142 30. Nxa4 bxa4 31. Rxa4 a6) 30. Rxa7 b6 {[%emt 0:00:03] [#]} 31. Nd7+ (31. Rh3 $142 $1 {White wants to mate with Ne4.} bxc5 32. Rh8+ (32. dxc5 Kg7 $11) 32... Kg7 33. Rxd8 Nexd4 34. Raa8) 31... Kg7 32. Nf6 {[%emt 0:00:02] White threatens Rh3 and mate.} ({Not} 32. Nxb6 Nfxd4 33. Re3 Nf4 $18) 32... Rh8+ (32... Nf4 $18 33. Rba3 Rh8+ 34. Kg1 Nxd4) 33. Rh3 {[%emt 0:00:02] White mates.} Rxh3+ 34. Kxh3 Nexd4 35. Ra8 Ne7 36. Re8 Ndc6 37. f4 {[%emt 0:00:01] Weighted Error Value: White=0.54/Black=0.87} 1-0

[Event "Romanian Rapid Open 2022"]
[Site "Sebes"]
[Date "2022.12.02"]
[Round "3.12"]
[White "Stefan, Romulus-Cristian"]
[Black "Stoleriu, George"]
[Result "0-1"]
[ECO "A45"]
[WhiteElo "2097"]
[BlackElo "2389"]
[Annotator "TA"]
[PlyCount "94"]
[EventDate "2022.12.02"]
[EventType "rapid"]
[EventCountry "ROU"]
[SourceTitle "playchess.com"]
[Source "ChessBase"]
[SourceQuality "1"]
[TimeControl "600+5"]

1. d4 e6 2. Bf4 Nf6 3. e3 b6 4. Qf3 d5 5. Nc3 c6 {[%emt 0:00:20] [#]} 6. Bd3 $146 {[%emt 0:00:26] A45: Trompowsky Attack.} ({Predecessor:} 6. O-O-O Be7 7. g4 Ba6 8. h4 Bxf1 9. Rxf1 Na6 10. h5 h6 11. g5 hxg5 12. Bxg5 {1-0 (29) Grachev,B (2612)-Peng,D (2287) Chess.com INT 2020}) 6... Ba6 7. Nge2 Bxd3 8. cxd3 {[%emt 0:00:01] White has an edge.} Be7 9. O-O O-O 10. Rac1 Nbd7 11. e4 Rc8 12. Rfd1 b5 13. a3 Qb6 14. Be3 a5 15. Ng3 (15. e5 $5 Ne8 $8 16. Qg4 $11) 15... Rfd8 16. h4 (16. e5 $5 Ne8 $8 17. Nce2 $11) 16... Qb7 17. h5 (17. e5 $5 Ne8 $8 18. Qf4 $11) 17... h6 18. Qe2 (18. e5 $5 Ne8 19. Qg4 $11) 18... c5 (18... b4 $15 19. axb4 axb4) 19. e5 Ne8 20. f4 (20. dxc5 {seems wilder.} Nxe5 21. Bf4 b4 22. Bxe5 bxc3 23. d4) 20... f5 21. Nh1 (21. Qf3 $11 {remains equal.}) 21... cxd4 $17 22. Bxd4 Bc5 23. Bxc5 Nxc5 24. g4 {[%emt 0:00:00] [#]} (24. d4 $17 Nb3 25. Rb1) 24... d4 (24... Nb3 $1 $19 25. Rb1 b4) 25. Nb1 fxg4 {[%emt 0:00:00] Black is more active.} 26. Qxg4 {[%emt 0:00:00] [#]} Qd5 ({Black should try} 26... Qe7 $1 $17 {...Nc7 is the strong threat.} 27. Nf2 Nc7) 27. Nf2 $11 Na4 28. Kh2 (28. Qg6 $11) 28... Nxb2 $15 29. Rg1 Qd7 (29... Rxc1 {simplifies} 30. Rxc1 Na4 31. Ne4 Kf8) 30. Ne4 $2 (30. Nd2 $11 {and White is okay.}) 30... Nxd3 $19 31. Rxc8 Rxc8 32. Nbd2 Qf7 33. Kg3 Nc5 34. Kf3 (34. Qg6 $142) 34... Nd3 35. Kg3 Qf5 36. Qxf5 exf5 37. Nf2 (37. Nd6 {was the only defense.} Nxd6 38. exd6) 37... Nxf2 ({Don't go for} 37... Rc3 $2 38. Nxd3 Rxa3 39. Nf3 Rxd3 40. Rc1 $19) 38. Kxf2 {[%emt 0:00:01][%mdl 4096] Endgame KRN-KRN} Rc3 {[%emt 0:00:08] Against Nb3} 39. Rb1 Nc7 (39... Rxa3 $2 {loses.} 40. Rxb5 Ra2 41. Ke1 $19) 40. Nb3 d3 {[%emt 0:00:15] aiming for ...a4.} ({Not} 40... Ne6 $2 41. Nxa5 Nc5 42. Rxb5 $19) 41. Nd4 (41. Ke3 {was worth a try.}) 41... Rxa3 42. Nxf5 (42. Nxb5 $142 Ra2+ 43. Ke3 Nd5+ 44. Kxd3) 42... Ne6 (42... Ra2+ $142 43. Kf3 d2) 43. Ne7+ $2 (43. Rxb5 {keeps fighting.} d2 44. Ke2) 43... Kf7 44. Nd5 b4 45. f5 Nc5 {[%emt 0:00:01] White must now prevent ...d2.} 46. Rc1 (46. Rg1 $142 d2 47. Ke2) 46... Ne4+ 47. Kg2 d2 {[%emt 0:00:00] Weighted Error Value: White=0.55/Black=0.47} 0-1

[Event "Romanian Rapid Open 2022"]
[Site "Sebes"]
[Date "2022.12.02"]
[Round "3.13"]
[White "Soltanici, Ruslan"]
[Black "Creanga, Robert-Ionut"]
[Result "1-0"]
[ECO "E57"]
[WhiteElo "2357"]
[BlackElo "2190"]
[Annotator "TA"]
[PlyCount "143"]
[EventDate "2022.12.02"]
[EventType "rapid"]
[EventCountry "ROU"]
[SourceTitle "playchess.com"]
[Source "ChessBase"]
[SourceQuality "1"]
[TimeControl "600+5"]

1. e4 c6 2. d4 d5 3. exd5 cxd5 4. c4 Nf6 5. Nc3 Nc6 6. Bg5 e6 7. Nf3 Be7 8. a3 O-O 9. Bd3 dxc4 10. Bxc4 b6 11. O-O Bb7 12. Re1 h6 {[%emt 0:00:18] E57: Nimzo-Indian: Rubinstein: Main Line: 7...Nc6 8 a3 dxc4 9 Bxc4 cxd4.} 13. Bf4 Na5 14. Ba2 Nd5 {[%emt 0:00:16] The position is equal.} 15. Bg3 {[%emt 0:00:14] [#]} Nxc3 $146 ({Predecessor:} 15... Rc8 16. Qd3 Nxc3 17. bxc3 Bd5 18. Bb1 f5 19. Ne5 Qe8 20. Bf4 Nc4 21. Nxc4 Rxc4 22. Qg3 {½-½ (22) Berchtenbreiter,M (2396)-Titov,E (1967) Schwarzach 2015}) 16. bxc3 Bxa3 $2 {[%emt 0:00:48] [#]} (16... Rc8 $11 17. Qc2 Bxf3 18. gxf3 (18. Bb1 g6 $15) 18... Qd7) 17. Qd3 (17. Bb1 $1 $18 {is more deadly.} Bd6 18. Qd3) 17... Bd6 {[%emt 0:00:18] [#]} (17... Bxf3 $16 18. gxf3 Qe7) 18. Bb1 $1 $18 f5 19. Rxe6 Bxg3 20. hxg3 Bd5 21. Re5 Bc4 22. Ba2 (22. Qc2 $18) 22... Bxa2 $16 23. Rxa2 Rc8 (23... Qc8 $16 24. Re7 Qc4) 24. Rxf5 $18 Rxf5 25. Qxf5 Rxc3 26. Qe6+ (26. Ne5 Qd5 27. Re2 Nb3 $16) 26... Kh7 27. Re2 Qf6 (27... Rc7 {might work better.} 28. Qg4 Re7) 28. Qxf6 $2 (28. Qd7 $18) 28... gxf6 {[%emt 0:00:01][%mdl 4096] Endgame KRN-KRN} 29. Re7+ Kg8 $1 30. Rxa7 Rd3 ({Black should play} 30... Rc1+ $1 $14 31. Kh2 Rf1) 31. Nh4 Rxd4 32. Nf5 {[%emt 0:00:01][%csl LRd4,LRh6] Inhibits h5.} Rd1+ 33. Kh2 {[%emt 0:00:00] White is more active.} h5 34. Ne7+ Kf8 35. Ng6+ Kg8 (35... Ke8 $14) 36. Nf4 $16 Nc4 37. Nxh5 Rd6 38. Rb7 {[%emt 0:00:24] Prevents b5.} Na5 39. Rb8+ Kf7 40. g4 Nb3 41. Rb7+ Kf8 42. f4 Nc5 43. Rb8+ Kf7 44. Kh3 Nd7 45. Rb7 Rd3+ 46. Kh4 {[%emt 0:00:07] And now g5 would win.} Rd2 47. Kh3 Rd3+ $1 48. g3 Rd2 49. g5 ({Better is} 49. f5 $16) 49... fxg5 $11 50. f5 {[%emt 0:00:00] Kg4 is the strong threat.} (50. fxg5 $5 Kg6 $8 51. Nf6 Nxf6 52. gxf6 $11) 50... Rd4 51. Kg2 g4 52. Kf2 {[%emt 0:00:01] aiming for Ke3.} Rd3 53. Ke2 Rd5 54. Ke3 Ke7 55. Kf4 {[%emt 0:00:06][%cal Of4g5] Strongly threatening Kg5!} Rd4+ $2 {[%emt 0:00:04][%mdl 8192] White stays focused until the end.} (55... Kd8 $1 $11 56. Kg5 (56. Kxg4 Ra5 $17) 56... Kc8) 56. Kg5 $18 {[%emt 0:00:01] Threatens to win with Nf6.} Kd6 (56... Kf8 {was necessary.} 57. Nf6 Ne5 58. Rb8+ Kg7 59. Nh5+ Kh7 60. Rb7+ Kg8 61. Rxb6 Rd8) 57. Nf6 Nxf6 (57... Nc5 $142 58. Rxb6+ Kc7) 58. Rxb6+ {[%emt 0:00:03] KRN-KR} ({Weaker is} 58. Kxf6 Kc6 59. Rg7 b5 $16) 58... Ke5 59. Re6+ Kd5 60. Rxf6 {[%emt 0:00:02] KR-KR} Re4 61. Rf8 Kd6 62. Rh8 Ke7 63. Rh7+ Kd6 64. Rh4 Ke5 65. Rxg4 Re3 {[%emt 0:00:01] White mates.} 66. Kg6 Rf3 67. Rg5 Rf1 68. g4 Rf4 69. Kg7 Kd5 70. Kf6 Ra4 71. Rg8 Ra6+ 72. Kg5 {[%emt 0:00:03] Weighted Error Value: White=0.22 (precise) /Black=0.31} 1-0